Map: Automaton LE

Players

Mesrob

  • Race: Terran Terran
  • League: Gold
  • Spawn Location: 3:00

AnimalHotel - Winner!

  • Race: Terran Terran
  • League: Gold
  • Spawn Location: 9:00

VOD

Have the link to the VOD?

Description

Time

  • Played on: Jan. 17, 2019, 7:31 p.m.
  • Length: 6:34
Show
View Real Time Build Order
Export as new Build Order

Mesrob Terran 

Build Orders: 2 Factory, Mech 

Get SALT Encoding   

  12  0:00  SCV  
  13  0:12  SCV  
  14  0:18  Supply Depot  
  14  0:25  SCV  
  15  0:40  SCV  
  15  0:41  Barracks  
  16  0:50  Refinery  
  16  0:52  SCV  
  17  1:04  SCV  
  18  1:16  SCV  
  19  1:28  Orbital Command  
  19  1:41  Command Center  
  19  1:55  Factory  
  19  1:57  SCV  
  19  2:00  Marine  
  21  2:11  Bunker  
  21  2:12  SCV  
  22  2:19  Barracks Tech Lab  
  22  2:24  SCV  
  23  2:43  Supply Depot  
  23  2:53  SCV  
  23  2:54  Factory  
  24  3:04  Refinery  
  24  3:05  Supply Depot  
  24  3:07  SCV  
  24  3:11  Orbital Command  
  25  3:19  SCV  
  26  3:23  Siege Tank  
  26  3:24  Marine  
  30  3:27  Supply Depot  
  30  3:31  SCV  
  31  3:45  Engineering Bay  
  31  3:51  Armory  
  31  4:09  SCV  
  32  4:13  Refinery  
  32  4:19  Command Center  
  32  4:21  Missile Turret  
  32  4:22  SCV  
  33  4:33  Siege Tank  
  33  4:34  SCV  
  37  4:42  Missile Turret, SCV  
  38  4:46  SCV  
  38  4:48  Refinery  
  38  4:49  Factory Reactor  
  39  4:54  Factory  
  39  5:04  Missile Turret  
  39  5:07  Missile Turret  
  39  5:24  SCV  
  39  5:25  SCV  
  39  5:27  Supply Depot, Siege Tank  
  44  5:31  Hellbat  
  44  5:34  Hellbat, Missile Turret  
  48  5:36  SCV  
  48  5:37  SCV  
  50  5:49  SCV  
  51  5:50  Supply Depot  
  51  6:02  Missile Turret  
Show
View Real Time Build Order
Export as new Build Order

AnimalHotel Terran - Winner!

Build Orders:  

Get SALT Encoding   

  12  0:00  SCV  
  13  0:13  SCV  
  14  0:19  Supply Depot  
  14  0:26  Refinery  
  14  0:29  SCV  
  15  0:41  SCV  
  16  0:47  Barracks  
  16  0:54  SCV  
  17  1:06  SCV  
  18  1:12  Barracks  
  18  1:18  SCV  
  19  1:27  Supply Depot  
  19  1:38  Orbital Command  
  19  1:50  Barracks  
  19  1:55  Factory  
  19  2:03  Barracks Tech Lab  
  19  2:07  Barracks Reactor  
  19  2:08  SCV  
  20  2:27  SCV, Barracks  
  21  2:33  Engineering Bay  
  21  2:43  Refinery  
  21  2:48  SCV  
  22  2:54  Marine  
  22  2:55  Marine x2  
  22  2:56  Stimpack  
  25  2:59  Factory Reactor  
  25  3:08  Supply Depot  
  25  3:18  Barracks Reactor  
  25  3:26  Starport  
  25  3:37  Barracks Reactor  
  25  3:38  Marine x2  
  25  3:39  Marine  
  28  3:52  Supply Depot  
  28  4:03  Medivac  
  30  4:11  Marine x3  
  30  4:15  Terran Infantry Weapons Level 1  
  33  4:19  Marine x2  
  35  4:24  Supply Depot  
  35  4:37  Marine x4  
  35  4:38  Marine  
  40  4:46  Medivac  
  40  4:51  Medivac  
  44  4:56  Marine x3  
  44  4:57  Marine  
  48  5:02  Marine  
  49  5:11  Supply Depot  
  49  5:19  Marine x2  
  49  5:20  Marine x2  
  53  5:32  Marine  
  53  5:35  Medivac  
  56  5:50  Marine  
  56  5:51  Marine x3  
Tags
 
Composition
Mech
League
GoldGold
Matchup
TvT
Opening
2 Factory
Race
Terran
Replay Pack
sc2 replays
Spawn Locations
Cross Positions
Add a new tag
Caveats
  • Supply blocks, unpowered buildings, or Contaminate may cause inaccurate times.
  • Supply counts are checked every 10 seconds.